 Dungeon Crawl Stone Soup version 0.20.1-1-g8b1a95d (webtiles) character file.

118 letownia2 the Grave Robber (level 4, -10/36 HPs)
             Began as a Deep Dwarf Necromancer on Dec 9, 2017.
             Killed by divine providence
             ... invoked by an orc priest
              (13 damage)
             ... on level 3 of the Dungeon.
             The game lasted 00:04:23 (1580 turns).

letownia2 the Grave Robber (Deep Dwarf Necromancer) Turns: 1580, Time: 00:04:24

Health: -10/36     AC:  5    Str: 11    XL:     4   Next: 72%
Magic:  2/8        EV: 11    Int: 17    God:
Gold:   88         SH:  0    Dex: 13    Spells: 5/9 levels left

rFire    . . .     SeeInvis .   f - +4 spear
rCold    . . .     Gourm    .   (no shield)
rNeg     . . .     Faith    .   m - +0 ring mail
rPois    .         Spirit   .   (no helmet)
rElec    .         Reflect  .   (no cloak)
rCorr    .         Harm     .   (no gloves)
MR       .....                  (no boots)
Stlth    +.........             (no amulet)
Regen    0.0/turn               (no ring)
MPRegen  0.2/turn               (no ring)

@: very slightly contaminated, non-regenerating
A: damage resistance, heal wounds, sense surroundings 1, no regeneration
a: Heal Wounds


You were on level 3 of the Dungeon.
You were not hungry.

You visited 1 branch of the dungeon, and saw 3 of its levels.

You collected 88 gold pieces.

Inventory:

Hand Weapons
 f - a +4 spear (weapon)
 h - a cursed -1 dagger
Armour
 a - a +0 robe
 m - a +0 ring mail (worn)
Scrolls
 d - 2 scrolls of identify {unknown}
 e - 2 scrolls of remove curse {unknown}
Potions
 g - a potion of lignification {unknown}
 i - a potion of magic {unknown}
 l - a potion of mutation {unknown}
Books
 b - a book of Necromancy

   Spells                             Type                      Level
   a - Pain                           Necromancy                   1
   b - Animate Skeleton               Necromancy                   1
   c - Vampiric Draining              Necromancy                   3
   d - Regeneration                   Charms/Necromancy            3
   e - Animate Dead                   Necromancy                   4
   f - Control Undead                 Necromancy                   4
Comestibles
 c - 2 bread rations
 j - 4 chunks of flesh
 k - a meat ration


   Skills:
 - Level 2.1 Dodging
 - Level 2.4 Stealth
 + Level 3.2 Spellcasting
 + Level 5.6 Necromancy


You had 5 spell levels left.
You knew the following spells:

 Your Spells              Type           Power        Failure   Level  Hunger
a - Pain                  Necr           ###.         4%          1    None
v - Vampiric Draining     Necr           ###.......   12%         3    ###....


Dungeon Overview and Level Annotations

Branches:
Dungeon (3/15)

Altars:

Annotations:
D:3 Grinder


Innate Abilities, Weirdness & Mutations

You are resistant to damage.
You can heal yourself by infusing magical energy.
You passively map a small area around you.
You do not regenerate.


Message History

* * * LOW HITPOINT WARNING * * *
The orc priest hits you but does no damage.
The orc barely misses you.
Unknown command.
Unknown command.
Casting: Vampiric Draining
Confirm with . or Enter, or press ? or * to list all spells.
Aiming: Vampiric Draining
Press: ? - help, Shift-Dir - straight line, f/p - orc priest
Aim: an orc priest, wielding a dagger You miscast Vampiric Draining.
Strange energies run through your body.
The orc hits you but does no damage. x2; The orc priest misses you.
The orc closely misses you.
Unknown command.
Unknown command.
Unknown command.
The orc closely misses you.
The orc priest calls down the wrath of Beogh upon you.
Beogh smites you!
You die...

, , ,* * , * #,*######
* .... #.##.... , ,,
...., #.#...., * #..#
,,..o..# # #..# *
#oo.#!# , #..###*
,#o.##.## ##....,
#@o#...#. * ##...##
**#.$.# #., ##..<..##
#..#...# * ##.......##
#..##.## , *
#.........####...#.# ,
+.........'.......#...
*#.........####...## .
##.......## #....#...,
* ##.....## #...#.# ,*


You could see an orc priest and 4 orcs.

Vanquished Creatures
  A centaur skeleton (D:3)
  An orc wizard (D:3)
  4 adders
  A leopard gecko (D:3)
  3 orcs (D:3)
  5 bats
  A giant cockroach (D:2)
  A hobgoblin (D:2)
  2 jackals
  2 quokkas (D:3)
  3 frilled lizards (D:3)
  4 kobolds
  2 rats (D:2)
30 creatures vanquished.

Notes
Turn   | Place    | Note
-------+----------+-------------------------------------------
     0 | D:1      | letownia2 the Deep Dwarf Necromancer began the quest for the Orb.
     0 | D:1      | Reached XP level 1. HP: 15/15 MP: 3/3
   157 | D:3      | Noticed an orc priest
   423 | D:2      | Reached XP level 2. HP: 14/22 MP: 0/5
   508 | D:2      | Reached skill level 5 in Necromancy
   717 | D:2      | Reached XP level 3. HP: 16/28 MP: 2/6
   823 | D:3      | Learned a level 3 spell: Vampiric Draining
   868 | D:3      | Noticed Grinder
   921 | D:3      | Reached XP level 4. HP: 15/36 MP: 0/8
  1580 | D:3      | Killed from afar by an orc priest

Skill      XL: |  1  2  3  4 |
---------------+-------------+-----
Spellcasting   | 2 3 |  3.2
Necromancy     | 5 |  5.6
Dodging        | |  2.1
Stealth        | |  2.4

Action                   |  1- 3 |  4- 6 || total
-------------------------+-------+-------++-------
Melee: Unarmed           |     4 |       ||     4
       Spear             |    14 |    10 ||    24
 Cast: Pain              |    34 |     3 ||    37
       Vampiric Draining |     1 |     8 ||     9
 Stab: Distracted        |       |     1 ||     1
  Eat: Chunk             |       |     4 ||     4
Armor: Robe              |     3 |       ||     3
       Ring mail         |     3 |    12 ||    15
Dodge: Dodged            |    33 |    20 ||    53
